 Dungeon Crawl Stone Soup version 0.30-a0-760-g5a9884bb7c (webtiles) character file.

Game seed: 17362416188527403502

53 Leeroy the Slasher (level 3, 0/18 HPs)
             Began as a Vine Stalker Warper on Feb 11, 2023.
             Slain by Sigmund
             ... wielding a +2 scythe of freezing
              (1 damage)
             ... on level 2 of the Dungeon.
             The game lasted 00:02:45 (1202 turns).

Leeroy the Slasher (Vine Stalker Warper)            Turns: 1202, Time: 00:02:46

Health: 0/18       AC:  3    Str: 13    XL:     3   Next: 87%
Magic:  0/7        EV: 12    Int: 13    God:
Gold:   24         SH:  0    Dex: 15    Spells: 6/6 levels left

rFire   . . .      SeeInvis .    a - +0 falchion
rCold   . . .      Faith    .    (no shield)
rNeg    . . .      Spirit   +    b - +0 leather armour
rPois   .          Reflect  .    (no helmet)
rElec   .          Harm     .    (no cloak)
rCorr   .          Rampage  .    (no gloves)
Will    .....                    (no boots)
Stlth   +                        (no amulet)
HPRegen 0.23/turn                (no ring)
MPRegen 0.10/turn                (no ring)

@: no status effects
A: fangs 2, magic shield, antimagic bite, no potion heal 2
a: no special abilities


You were on level 2 of the Dungeon.
You visited 1 branch of the dungeon, and saw 2 of its levels.

You collected 24 gold pieces.

Inventory:

Hand Weapons
 a - a +0 falchion (weapon)
Missiles
 d - 7 boomerangs of dispersal (quivered)
 n - 2 poisoned darts
Armour
 b - a +0 leather armour (worn)
Magical Staves
 e - a staff of death
Scrolls
 h - 2 scrolls of enchant armour {unknown}
 i - 2 scrolls of identify {unknown}
 j - 2 scrolls of teleportation {unknown}
 l - a scroll of magic mapping {unknown}
Potions
 c - 2 potions of heal wounds {unknown}
 f - a potion of might {unknown}
 g - a potion of invisibility {unknown}
 k - 2 potions of flight {unknown}
 m - a potion of resistance {unknown}


   Skills:
 - Level 1.7 Fighting
 - Level 3.3 Long Blades
 - Level 0.8 Throwing
 - Level 0.7 Armour
 + Level 2.0 Dodging
 - Level 2.1 Spellcasting
 - Level 3.0 Translocations


You had 6 spell levels left.
You didn't know any spells.
Your spell library contained the following spells:

 Spells                   Type           Power      Damage    Failure   Level
 Blink                    Tloc           18%        N/A       14%         2
 Lesser Beckoning         Tloc           18%        N/A       14%         2
 Teleport Other           Tloc           9%         N/A       28%         3
 Magic Dart               Conj           4%         1d3       32%         1
 Searing Ray              Conj           2%         2d4       43%         2
 Vhi's Electric Charge    Tloc/Air       10%        N/A       45%         3
 Manifold Assault         Tloc           9%         N/A       67%         4
 Fulminant Prism          Conj/Hex       0%         3d5       97%         4


Dungeon Overview and Level Annotations

Branches:
Dungeon (2/15)

Altars:

Annotations:
D:2 Sigmund, Terence


Innate Abilities, Weirdness & Mutations

You have extremely sharp teeth.
When hurt, damage is shared between your health and your magic reserves.
Your bite disrupts and absorbs the magic of your enemies.
Potions cannot restore your health.


Message History

Items here: ))))))) ††††.
The endoplasm freezes you.
You are frozen.
* * * LOW HITPOINT WARNING * * *
Things that are here:
a +0 dagger; a +0 dagger; a goblin corpse You are too injured to fight recklessly!
You slash the endoplasm!
You kill the endoplasm!
A ball python is nearby!
A ball python is nearby!
Sigmund shouts!
The ball python hisses angrily.
The ball python closely misses you. x2; The ball python misses you.
The ball python grabs you. The ball python constricts you.
You slash the ball python!
You kill the ball python!
Sigmund says, "Don't worry, I'll kill you fast."
Sigmund misses you. Sigmund closely misses you.
You closely miss Sigmund. Sigmund closely misses you.
You barely miss Sigmund. You barely miss Sigmund. Sigmund barely misses you.
You hit Sigmund.
Sigmund is lightly wounded.
Sigmund barely misses you.
You hit Sigmund.
Sigmund is moderately wounded.
Sigmund says, "Your kind have come here before.
I understand now why.
You desire death..."
Sigmund casts a spell.
Sigmund flickers and vanishes!
Deactivating autopickup; reactivate with Ctrl-A.
You closely miss something. You bite something. Something hits you!
Something freezes you.
You hit something. You bite something. You drain its magic.
You feel invigorated.
You miss something. Your bite misses something. Something hits you!
* * * LOW HITPOINT WARNING * * *
Something freezes you.
You die...

<.....####### #...
#####.......## ###. ..##
#######..#######....
####### ###..).........
......####.)...........#
.........).###.........#
.......<#### #.........#
.## #
........######>........#
...##
....(..>........@....!.#
# #...
........#####...){......
#.#.#. <.......
#........... ......
.......# #.####....#.
...... #....... #..
.##... ...... ########
#..# .# ... ...... ...#
# . ...... ... ......
......


There were no monsters in sight!

Vanquished Creatures
  Robin (D:2)
  An adder (D:2)
  3 endoplasms
  10 goblins (D:2)
  6 hobgoblins
  2 ball pythons
  2 bats (D:2)
  A frilled lizard (D:1)
  3 kobolds
  A rat (D:1)
30 creatures vanquished.

Vanquished Creatures (others)
  5 plants (D:2)
5 creatures vanquished.

Grand Total: 35 creatures vanquished

Notes
Turn   | Place    | Note
-------+----------+-------------------------------------------
     0 | D:1      | Leeroy the Vine Stalker Warper began the quest for the Orb.
     0 | D:1      | Reached XP level 1. HP: 11/11 MP: 4/4
   864 | D:2      | Reached XP level 2. HP: 15/15 MP: 6/6
   953 | D:2      | Noticed Terence
   958 | D:2      | Noticed Sigmund
  1038 | D:2      | Reached XP level 3. HP: 14/18 MP: 3/7
  1082 | D:2      | Noticed Robin
  1093 | D:2      | Killed Robin
  1202 | D:2      | Slain by Sigmund

Illustrated notes

Levels and vault maps discovered:
D:1:      amcnicky_arrival_blooded_trapdoor, layout_loops_ring,
          kennysheep_pointless_box
D:2:      layout_rooms, serial_bayou_ford_a, uniq_sigmund, uniq_terence,
          uniq_robin

Skill      XL: |  1  2  3 |
---------------+----------+-----
Long Blades    | 2 3 |  3.3
Dodging        | 2 |  2.0
Fighting       | |  1.7
Throwing       | |  0.8
Armour         | |  0.7
Spellcasting   | |  2.1
Translocations | |  3.0

Action                     || total
---------------------------++-------
  Melee: Falchion          ||    99
         Bite              ||    16
         Punch             ||     1
    Use: Scroll            ||     1
 Armour: Leather armour    ||    27
  Dodge: Dodged            ||    74

Table legend: (Time is in decaauts)
 A = Elapsed time spent in this place.
 B = Non-inter-level travel time spent in this place.
 C = Inter-level travel time spent in this place.
 D = Time resting spent in this place.
 E = Time spent auto-exploring this place.
 F = Levels seen in this place.
 G = Mean time per level.
                   A        B        C        D        E       F      G
               +--------+--------+--------+--------+--------+-----+--------+
         Total |   1216 |   1174 |     42 |     20 |    937 |   2 |  608.0 |
       Dungeon |   1216 |   1174 |     42 |     20 |    937 |   2 |  608.0 |
               +--------+--------+--------+--------+--------+-----+--------+

Top non-repeatable levels by time:
     D:1: 854 daAuts
     D:2: 362 daAuts
